 Dungeon Crawl Stone Soup version 0.30-a0-458-g86641cc369 (webtiles) character file.

Game seed: 4139026437465175308

408 jlumianski the Trooper (level 6, 0/50 HPs)
             Began as a Demonspawn Fighter on Dec 14, 2022.
             Slain by a jelly (3 damage)
             ... on level 5 of the Dungeon.
             The game lasted 00:20:52 (4171 turns).

jlumianski the Trooper (Demonspawn Fighter)         Turns: 4171, Time: 00:20:56

Health: 0/50       AC: -6    Str: 19    XL:     6   Next: 57%
Magic:  6/6        EV:  9    Int:  9    God:
Gold:   232        SH:  4    Dex: 12    Spells: 5/5 levels left

rFire   . . .      SeeInvis .    k - +3 broad axe
rCold   . . .      Faith    .    c - +0 buckler
rNeg    . . .      Spirit   .    b - +0 scale mail
rPois   .          Reflect  .    (no helmet)
rElec   .          Harm     .    (no cloak)
rCorr   .          Rampage  .    (no gloves)
Will    .....                    (no boots)
Stlth   ..........               C - amulet of the acrobat
HPRegen 0.28/turn                (no ring)
MPRegen 0.10/turn                (no ring)

@: corroded, studying Armour
A: claws 1, icy blue scales 1
a: no special abilities


You were on level 5 of the Dungeon.
You visited 1 branch of the dungeon, and saw 5 of its levels.
You also visited: Sewer.

You collected 232 gold pieces.

Inventory:

Hand Weapons
 a - a +0 war axe
 k - a +3 broad axe (weapon)
 t - a +2 vorpal spear
Missiles
 g - 59 stones (quivered)
 i - 4 poisoned darts
 y - 3 boomerangs
Armour
 b - a +0 scale mail (worn)
 c - a +0 buckler (worn)
 l - the +2 ratskin cloak {*Rats rPois rN+ Str-1 Int-1 Dex+1}
   (You found it on level 5 of the Dungeon)

   When the wearer is hurt, rats may emerge from it to assist them.
   Str:       It affects your strength (-1).
   Int:       It affects your intelligence (-1).
   Dex:       It affects your dexterity (+1).
   rPois:     It protects you from poison.
   rN:        It protects you from negative energy.
 z - a +1 pair of gloves
Jewellery
 d - the ring of Wybowoav {Will+ rCorr}
   (You acquired it on level 3 of the Dungeon)

   [ring of resist corrosion]

   rCorr:     It protects you from acid and corrosion.
   Will:      It increases your willpower.
 o - a ring of fire
 C - an amulet of the acrobat (around neck)
Wands
 f - a wand of roots (2)
 B - a wand of light (4)
Scrolls
 e - 2 scrolls of amnesia
 j - a scroll of poison
 n - a scroll of teleportation
Potions
 h - a potion of degeneration
 m - a potion of haste
 s - a potion of invisibility
 u - a potion of attraction
 w - 2 potions of mutation
 x - a potion of curing


   Skills:
 * Level 4.8 Fighting
 + Level 3.9 Axes
 + Level 4.4 Armour
 + Level 1.1 Dodging
 + Level 0.6 Stealth
 + Level 3.2 Shields
 + Level 0.1 Evocations


You had 5 spell levels left.
You didn't know any spells.
Your spell library contained the following spells:

 Spells                   Type           Power      Damage    Failure   Level
 Apportation              Tloc           0%         N/A       83%         1
 Alistair's Intoxication  Tmut/Pois      0%         N/A       100%        5


Dungeon Overview and Level Annotations

Branches:
Dungeon (5/15)              Sewer (visited)
 Temple: D:4-7

Altars:

Annotations:
D:2 1 runed translucent door, Crazy Yiuf
D:4 Blork the orc


Innate Abilities, Weirdness & Mutations

You have sharp fingernails.
You are partially covered in icy blue scales. (AC +2)


Message History

You enter the shallow water.
Moving in this stuff is going to be slow.
You enter the shallow water.
Moving in this stuff is going to be slow.
Why would you want to do that?
You enter the shallow water.
Moving in this stuff is going to be slow.
Found 12 gold pieces.
You now have 228 gold pieces (gained 12).
Found 4 gold pieces.
Found the +2 ratskin cloak {*Rats rPois rN+ Str-1 Int-1 Dex+1}.
You now have 232 gold pieces (gained 4).
Found 6 gold pieces.
A jelly comes into view.
Found a scroll of identify.
Found a moonstone ring.
You see here the +2 ratskin cloak {*Rats rPois rN+ Str-1 Int-1 Dex+1}.
l - the +2 ratskin cloak {*Rats rPois rN+ Str-1 Int-1 Dex+1} The jelly jiggles.
You hit the jelly but do no damage. The acid corrodes you!
Your claws burn!
The jelly hits you but does no damage.
You slash the jelly! The acid corrodes you!
Your claws burn!
The jelly is heavily wounded.
You block the jelly's attack.
You barely miss the jelly.
The jelly is heavily wounded.
The jelly hits you. The acid corrodes you!
You are splashed with acid!
The jelly hits you.
You are splashed with acid!
You barely miss the jelly.
The jelly is heavily wounded.
The jelly hits you.
You are splashed with acid!
* * * LOW HITPOINT WARNING * * *
You completely miss the jelly.
The jelly is heavily wounded.
The jelly hits you.
* * * LOW HITPOINT WARNING * * *
The acid corrodes you!
You are splashed with acid!
* * * LOW HITPOINT WARNING * * *
The jelly hits you.
You die...

## .. ..# #.# #.# ####.#
#.# ....### #.# #....#
#.# #..#.####.######
#..............###
..#####@.............##~
.......J.............#~~
.=....#..........###.#..
.#.#....##.##....#
#.#.รท
.......###.###...# #.##~
#.#............## #..##
#.##.#####.###..####.###
....? ... ........#~. ##
#$####..###.~~~


You could see a jelly.

Vanquished Creatures
  Eustachio (D:4)
  Pargi (Sewer)
  An iguana (D:4)
  8 adders
  2 worms
  2 dart slugs
  4 orcs (D:3)
  2 ball pythons
  9 bats
  3 endoplasms
  2 giant cockroaches (D:5)
  5 goblins
  A hobgoblin (D:1)
  3 jackals (D:2)
  11 quokkas
  4 frilled lizards
  10 kobolds
  7 rats
76 creatures vanquished.

Vanquished Creatures (others)
  3 plants (D:3)
3 creatures vanquished.

Grand Total: 79 creatures vanquished

Notes
Turn   | Place    | Note
-------+----------+-------------------------------------------
     0 | D:1      | jlumianski the Demonspawn Fighter began the quest for the
                  | Orb.
     0 | D:1      | Reached XP level 1. HP: 18/18 MP: 1/1
   196 | D:1      | Gained mutation: You are partially covered in icy blue
                  | scales. (AC +2) [demonic ancestry]
   196 | D:1      | Reached XP level 2. HP: 23/24 MP: 2/2
  1138 | D:2      | Reached XP level 3. HP: 19/30 MP: 3/3
  1242 | D:2      | Found a runed translucent door.
  1243 | D:2      | Noticed Crazy Yiuf
  1508 | D:2      | Gained mutation: You have sharp fingernails. [demonic
                  | ancestry]
  1508 | D:2      | Reached XP level 4. HP: 33/37 MP: 4/4
  2044 | D:3      | Found a faded altar of an unknown god.
  2362 | D:4      | Noticed Blork the orc
  2623 | D:3      | Reached XP level 5. HP: 40/43 MP: 5/5
  2988 | D:4      | Noticed Eustachio
  3171 | D:3      | Identified a scroll of acquirement
  3171 | D:3      | Acquired the ring of Wybowoav {Will+ rCorr}
  3590 | D:4      | Killed Eustachio
  3591 | D:4      | Reached XP level 6. HP: 7/49 MP: 6/6
  3795 | D:5      | Entered Level 5 of the Dungeon
  3879 | D:5      | Found a glowing drain.
  3908 | Sewer    | Entered a sewer
  3926 | Sewer    | Reached skill level 1 in Dodging
  3975 | Sewer    | Noticed Pargi
  3987 | Sewer    | Killed Pargi
  4145 | D:5      | Found the +2 ratskin cloak {*Rats rPois rN+ Str-1 Int-1
                  | Dex+1}
  4171 | D:5      | Slain by a jelly

Illustrated notes

Levels and vault maps discovered:
D:1:      amcnicky_arrival_blooded_trapdoor, layout_basic
D:2:      layout_basic, bh_walls_and_bars, uniq_crazy_yiuf_cottage
D:3:      layout_basic, dreamdust_ecumenical_altar_grove, serial_bayou_pond_b
D:4:      layout_basic, chequers_decorated_corner, uniq_eustachio, uniq_duvessa,
          uniq_blork_the_orc
D:5:      layout_loops_ring, gup_sewer_entry_pipe, kennysheep_opposing_triangles

Skill      XL: |  1  2  3  4  5  6 |
---------------+-------------------+-----
Axes           | 2 3 |  3.9
Armour         | 3 4 |  4.4
Fighting       | 4 |  4.8
Shields        | 3 |  3.2
Dodging        | 1 |  1.1
Stealth        | |  0.6
Evocations     | |  0.1

Action                   |  1- 3 |  4- 6 || total
-------------------------+-------+-------++-------
Melee: War axe           |    93 |   184 ||   277
       Broad axe         |       |     7 ||     7
Throw: Stone             |     2 |       ||     2
Evoke: Wand              |       |     3 ||     3
  Use: Scroll            |       |    19 ||    19
       Potion            |       |     3 ||     3
 Stab: Invisible         |       |     1 ||     1
Armor: Scale mail        |    85 |   108 ||   193
Dodge: Dodged            |    60 |    94 ||   154
Block: Buckler           |    28 |    53 ||    81

Table legend: (Time is in decaauts)
 A = Elapsed time spent in this place.
 B = Non-inter-level travel time spent in this place.
 C = Inter-level travel time spent in this place.
 D = Time resting spent in this place.
 E = Time spent auto-exploring this place.
 F = Levels seen in this place.
 G = Mean time per level.
                   A        B        C        D        E       F      G
               +--------+--------+--------+--------+--------+-----+--------+
         Total |   4326 |   4172 |    154 |    463 |   2062 |   6 |  721.0 |
       Dungeon |   4099 |   3945 |    154 |    463 |   1996 |   5 |  819.8 |
         Sewer |    226 |    226 |      0 |      0 |     66 |   1 |  226.0 |
               +--------+--------+--------+--------+--------+-----+--------+

Top non-repeatable levels by time:
     D:3: 1502 daAuts
     D:1: 1044 daAuts
     D:2: 1043 daAuts
     D:4: 310 daAuts
   Sewer: 226 daAuts
     D:5: 198 daAuts
